 Dungeon Crawl Stone Soup version 0.19.0-9-gfd783f2 (webtiles) character file.

10752 Pepeogr the Spear-Bearer (level 11, -8/106 HPs)
             Began as a Minotaur Fighter on Nov 8, 2016.
             Was an Elder of the Shining One.
             Mangled by a 13-headed hydra (10 damage)
             ... on level 1 of the Lair of Beasts.
             The game lasted 01:05:44 (11821 turns).

Pepeogr the Spear-Bearer (Minotaur Fighter)        Turns: 11821, Time: 01:05:45

Health: -8/106     AC: 26    Str: 21    XL:     11   Next: 40%
Magic:  0/13       EV:  7    Int:  5    God:    the Shining One [****..]
Gold:   437        SH:  8    Dex: 17    Spells: 0 memorised, 10 levels left

rFire  . . .     SeeInvis .     r - +0 scythe
rCold  . . .     Gourm    .     D - +1 plate armour
rNeg   + + .     Faith    .     (shield currently unavailable)
rPois  .         Spirit   +     (helmet restricted)
rElec  .         Reflect  .     w - +2 cloak
rCorr  .         Harm     .     g - +0 pair of gloves
MR     .....                    (no boots)
Stlth  ..........               L - amulet of guardian spirit
                                z - +4 ring of dexterity
                                h - +6 ring of protection

@: divine shield, glowing
A: retaliatory headbutt, hooves 1, horns 2, robust 1
a: Divine Shield, Cleansing Flame, Renounce Religion


You were on level 1 of the Lair of Beasts.
You worshipped the Shining One.
The Shining One was greatly pleased with you.
You were not hungry.

You visited 3 branches of the dungeon, and saw 11 of its levels.

You collected 437 gold pieces.

Inventory:

Hand Weapons
 a - a +1 war axe
 o - a +2 falchion of protection
 q - a cursed -1 great sword
 r - a +0 scythe (weapon)
 v - a +4 quarterstaff of chaos
 B - a cursed +5 dire flail
 C - a cursed +2 dagger
 G - a +0 hand axe
Armour
 b - a +0 scale mail
 c - a +0 shield
 g - a +0 pair of gloves (worn)
 i - a +0 ring mail
 k - a +1 chain mail
 n - a +0 helmet
 p - a +3 leather armour
 w - a +2 cloak (worn)
 D - a +1 plate armour (worn)
 E - a +2 ring mail of poison resistance
 K - a +1 robe of resistance
Jewellery
 e - an uncursed ring of magical power
 h - a +6 ring of protection (left hand)
 j - a +4 ring of intelligence
 x - a +3 ring of intelligence
 z - a +4 ring of dexterity (right hand)
 J - an uncursed ring of wizardry
 L - an amulet of guardian spirit (around neck)
Wands
 u - a wand of heal wounds (0/9)
 I - a wand of random effects (31/48)
Scrolls
 f - 3 scrolls of identify
 l - a scroll of random uselessness
 s - 2 scrolls of remove curse
 y - 2 scrolls of amnesia
 A - a scroll of recharging
 F - a scroll of magic mapping
Potions
 d - a potion of magic
 H - 2 potions of brilliance
Comestibles
 m - 7 royal jellies
 t - a meat ration


   Skills:
 + Level 9.1 Fighting
 - Level 7.1(11.8) Axes
 + Level 14.6(15.1) Polearms
 + Level 9.4 Armour
 - Level 0.7 Dodging
 + Level 0.1 Stealth
 - Level 3.6 Shields
 * Level 5.3 Invocations


You had 10 spell levels left.
You didn't know any spells.

Dungeon Overview and Level Annotations

Branches:
Dungeon (9/15)             Temple (1/1) D:4            Lair (1/6) D:9
    Orc (0/2) D:9

Altars:
Ashenzari
Cheibriados
Dithmenos
Elyvilon
Fedhas
Gozag
Hepliaklqana
Kikubaaqudgha
Makhleb
Nemelex Xobeh
Okawaru
Qazlal
Ru
Sif Muna
Trog
Uskayaw
Vehumet
Xom
Yredelemnul
The Shining One
Beogh

Shops:
D:8 (   D:9 (


Innate Abilities, Weirdness & Mutations

You reflexively headbutt those who attack you in melee.
You have a pair of horns on your head.
You have large cloven feet.
You are robust. (+10% HP)


Message History

The 13-headed hydra bites you!
* * * LOW HITPOINT WARNING * * *
The 13-headed hydra bites you.
* * * LOW HITPOINT WARNING * * *
The 13-headed hydra barely misses you. The 13-headed hydra bites you!
* * * LOW HITPOINT WARNING * * *
The 13-headed hydra bites you but does no damage.
You block the 13-headed hydra's attack. The 13-headed hydra bites you.
* * * LOW HITPOINT WARNING * * *
The 13-headed hydra bites you but does no damage. x2
The 13-headed hydra completely misses you.
The 13-headed hydra bites you but does no damage.
You block the 13-headed hydra's attack.
The 13-headed hydra bites you but does no damage.
You hit the 13-headed hydra.
You kick the 13-headed hydra, but do no damage.
Your headbutt misses the 13-headed hydra.
The 13-headed hydra is severely wounded.
The 13-headed hydra bites you!
You die...

............ .... ..
#P........( ..... .
##......... .... .
#......... #+..##.
#......... .....#
#.##P'#### ...# #
##..### ##D### ##..#
##.@..# #######÷+##
P##P.##'## P..........
.........# #..........
#.........# #..........
#.........###..........
#........†#.+..........
#..)......'............
#.........##P..........
###.########..........


You could see a 13-headed hydra.

Vanquished Creatures
  A death yak (D:9)
  4 spiny frogs (Lair:1)
  A queen bee (D:9)
  A two-headed ogre (D:7)
  2 hippogriffs
  Grinder (D:4)
  Sigmund (D:3)
  5 yaks
  A human (D:9)
  Menkaure (D:7)
  Edmund (D:4)
  A warg (D:9)
  6 orc warriors
  3 porcupines (Lair:1)
  2 water moccasins
  2 ice beasts
  A sky beast (D:6)
  2 phantoms (D:7)
  2 necrophages
  5 ogres
  2 centaurs
  A crocodile (D:9)
  7 bullfrogs
  Blork the orc (D:4)
  A wyvern zombie (D:9)
  28 killer bees
  5 scorpions
  A water moccasin skeleton (D:8)
  11 wights (D:6)
  4 howler monkeys
  7 crimson imps
  2 jellies
  A centaur zombie (D:7)
  A quasit (D:9)
  An iron imp (D:9)
  Crazy Yiuf (D:4)
  A bullfrog skeleton (D:8)
  14 orc wizards
  9 orc priests
  A centaur skeleton (D:7)
  5 iguanas
  A worker ant (D:6)
  A hound zombie (D:3)
  A howler monkey zombie (D:9)
  3 gnolls (D:4)
  A howler monkey skeleton (D:4)
  10 adders
  A shadow imp (D:7)
  An ooze (D:2)
  An adder zombie (D:6)
  2 dart slugs
  2 worms
  4 leopard geckos
  65 orcs
  4 ball pythons
  6 bats
  2 giant cockroaches (D:4)
  9 goblins
  5 hobgoblins
  17 jackals
  5 quokkas
  2 frilled lizards
  2 goblin zombies (D:9)
  2 hobgoblin zombies (D:9)
  A jackal skeleton (D:4)
  4 kobolds (D:1)
  3 kobold skeletons (D:9)
  A kobold zombie (D:9)
  2 leopard gecko skeletons (D:6)
  6 rats
311 creatures vanquished.

Vanquished Creatures (others)
  A human (D:6)
  2 orc wizards
  A kobold (D:2)
4 creatures vanquished.

Grand Total: 315 creatures vanquished

Notes
Turn   | Place    | Note
-------+----------+-------------------------------------------
     0 | D:1      | Pepeogr the Minotaur Fighter began the quest for the Orb.
     0 | D:1      | Reached XP level 1. HP: 19/19 MP: 0/0
   172 | D:1      | Reached XP level 2. HP: 25/27 MP: 1/1
   624 | D:2      | Reached XP level 3. HP: 33/33 MP: 2/2
   658 | D:2      | Found a white marble altar of Elyvilon.
   726 | D:2      | Found a shadowy altar of Dithmenos.
  1122 | D:2      | Reached XP level 4. HP: 41/41 MP: 3/3
  1736 | D:3      | Noticed a bullfrog
  1757 | D:3      | Killed a bullfrog
  1757 | D:3      | Reached skill level 5 in Axes
  1757 | D:3      | Reached XP level 5. HP: 25/47 MP: 4/4
  2264 | D:3      | Noticed Sigmund
  2296 | D:3      | Killed Sigmund
  2296 | D:3      | Reached XP level 6. HP: 47/53 MP: 5/5
  2598 | D:4      | Reached skill level 1 in Polearms
  2598 | D:4      | Reached skill level 5 in Armour
  2674 | D:4      | Noticed Blork the orc
  2690 | D:4      | Killed Blork the orc
  2690 | D:4      | Reached skill level 5 in Fighting
  2690 | D:4      | Reached skill level 2 in Polearms
  2690 | D:4      | Reached XP level 7. HP: 47/61 MP: 6/6
  2888 | D:4      | Found a staircase to the Ecumenical Temple.
  2902 | Temple   | Entered the Ecumenical Temple
  3154 | D:4      | Noticed Grinder
  3167 | D:4      | Killed Grinder
  3167 | D:4      | Reached skill level 4 in Polearms
  3287 | D:4      | Reached skill level 5 in Polearms
  3469 | D:4      | Found a runed door.
  3473 | D:4      | Noticed Crazy Yiuf
  3474 | D:4      | Gained mutation: You are robust. (+10% HP) [potion of beneficial mutation]
  3480 | D:4      | Killed Crazy Yiuf
  3493 | D:4      | Gained mutation: You have large cloven feet. [potion of beneficial mutation]
  3730 | D:4      | Reached XP level 8. HP: 48/74 MP: 7/7
  3734 | D:4      | Reached skill level 6 in Polearms
  4075 | D:4      | Noticed Edmund
  4089 | D:4      | Killed Edmund
  4112 | D:5      | Entered Level 5 of the Dungeon
  4133 | D:5      | Reached skill level 7 in Polearms
  4305 | D:5      | Found a glowing golden altar of the Shining One.
  4308 | D:5      | Became a worshipper of the Shining One
  5317 | D:5      | Reached skill level 8 in Polearms
  5510 | D:6      | Found a blossoming altar of Fedhas.
  5632 | D:6      | Reached skill level 9 in Polearms
  5692 | D:6      | Reached XP level 9. HP: 64/84 MP: 8/8
  5749 | D:6      | Reached * piety under the Shining One
  5884 | D:6      | Reached skill level 10 in Polearms
  5915 | D:6      | Found an ancient bone altar of Kikubaaqudgha.
  6578 | D:6      | Found an iron altar of Okawaru.
  6736 | D:6      | Reached skill level 11 in Polearms
  6937 | D:7      | Reached ** piety under the Shining One
  7017 | D:7      | Noticed Menkaure
  7025 | D:7      | Killed Menkaure
  7025 | D:7      | Reached skill level 1 in Invocations
  7119 | D:7      | Found a hide-covered altar of Uskayaw.
  7916 | D:7      | Reached skill level 12 in Polearms
  8112 | D:8      | Reached XP level 10. HP: 94/94 MP: 10/10
  8261 | D:8      | Found Xazo's Antique Weapon Shoppe.
  8610 | D:8      | Found a roughly hewn altar of Beogh.
  8715 | D:9      | Reached skill level 13 in Polearms
  9099 | D:8      | Found a white marble altar of Elyvilon.
  9247 | D:8      | Found a deep blue altar of Sif Muna.
  9439 | D:8      | Found a basalt altar of Yredelemnul.
  9793 | D:9      | Reached *** piety under the Shining One
 10239 | D:9      | Found a glowing golden altar of the Shining One.
 10341 | D:9      | Noticed a death yak
 10341 | D:9      | Reached **** piety under the Shining One
 10365 | D:9      | Killed a death yak
 10365 | D:9      | Reached XP level 11. HP: 56/104 MP: 13/13
 10644 | D:9      | Found a staircase to the Orcish Mines.
 10666 | D:9      | Reached skill level 14 in Polearms
 11068 | D:9      | Found Qaorino's Weapon Shoppe.
 11113 | D:9      | Found a staircase to the Lair.
 11142 | Lair:1   | Entered Level 1 of the Lair of Beasts
 11223 | Lair:1   | Reached skill level 5 in Invocations
 11809 | Lair:1   | Noticed a seven-headed hydra
 11820 | Lair:1   | HP: 5/106 [13-headed hydra (6)]
 11820 | Lair:1   | HP: 2/106 [13-headed hydra (3)]
 11821 | Lair:1   | Mangled by a 13-headed hydra

Skill      XL: |  1  2  3  4  5  6  7  8  9 10 11 |
---------------+----------------------------------+-----
Fighting       | 4 5 6 7 8 9 |  9.1
Armour         | 4 5 6 7 8 9 |  9.4
Axes           | 3 4 5 7 |  7.1
Polearms       | 2 5 9 12 13 14 | 14.6
Invocations    | 2 4 5 |  5.3
Dodging        | |  0.7
Stealth        | |  0.1
Shields        | |  3.6

Action                   |  1- 3 |  4- 6 |  7- 9 | 10-12 || total
-------------------------+-------+-------+-------+-------++-------
Melee: War axe           |    63 |    50 |       |       ||   113
       Headbutt          |     8 |    14 |    74 |    86 ||   182
       Scythe            |       |    16 |   300 |   346 ||   662
       Kick              |       |       |    89 |   111 ||   200
Invok: Divine Shield     |       |       |       |     1 ||     1
Evoke: Wand              |       |       |     1 |     2 ||     3
  Use: Scroll            |     5 |     4 |     8 |     8 ||    25
       Potion            |     2 |     3 |     7 |     2 ||    14
  Eat: Bread ration      |     1 |     1 |     3 |       ||     5
       Meat ration       |       |       |     1 |     1 ||     2
       Royal jelly       |       |       |       |     2 ||     2
       Pizza             |       |       |       |     1 ||     1
Armor: Scale mail        |     6 |       |       |       ||     6
       Chain mail        |    61 |    54 |   263 |       ||   378
       Plate armour      |       |       |    43 |   485 ||   528
       Skin              |       |       |    42 |       ||    42
Dodge: Dodged            |    47 |    31 |   171 |   235 ||   484
Block: Other             |       |       |       |    15 ||    15
